 Dungeon Crawl Stone Soup version 0.24.0-10-g970556be89 (webtiles) character file.

Game seed: 7047480402689646201, levelgen mode: deterministic

3 LostNumber the Vandal (level 1, 0/14 HPs)
             Began as an Octopode Hunter on Nov 3, 2019.
             Slain by a leopard gecko (5 damage)
             ... on level 1 of the Dungeon.
             The game lasted 00:00:12 (42 turns).

LostNumber the Vandal (Octopode Hunter)               Turns: 42, Time: 00:00:12

Health: 0/14       AC:  1    Str: 11    XL:     1   Next: 50%
Magic:  1/1        EV: 13    Int: 13    God:
Gold:   0          SH:  0    Dex: 12    Spells: 0/0 levels left

rFire    . . .     SeeInvis .   b - +0 short sword
rCold    . . .     Gourm    .   (no shield)
rNeg     . . .     Faith    .   (helmet restricted)
rPois    .         Spirit   .   (no amulet)
rElec    .         Reflect  .   (no ring)
rCorr    .         Harm     .   (no ring)
MR       .....                  (no ring)
Stlth    +++.......             (no ring)
HPRegen  0.04/turn              (no ring)
MPRegen  0.07/turn              (no ring)
                                (no ring)
                                (no ring)

@: no status effects
A: almost no armour, stealthy swim, amphibious, 8 rings, constrict 8, camouflage
1, gelatinous body 1
a: no special abilities


You were on level 1 of the Dungeon.
You were not hungry.

You visited 1 branch of the dungeon, and saw 1 of its levels.

Inventory:

Hand Weapons
 a - a +1 hunting sling
 b - a +0 short sword (weapon)
Missiles
 c - 20 sling bullets
Scrolls
 d - a scroll of blinking {unknown}
Comestibles
 e - a ration {!d}


   Skills:
 + Level 2.0 Fighting
 * Level 4.1 Slings
 - Level 2.0 Dodging
 + Level 1.6 Stealth


You couldn't memorise any spells.
You didn't know any spells.
Your spell library was empty.

Dungeon Overview and Level Annotations

Branches:
Dungeon (1/15)

Altars:


Innate Abilities, Weirdness & Mutations

You cannot wear most types of armour.
You are very stealthy in the water. (Stealth+)
You are amphibious.
You can wear up to eight rings at the same time.
You can use your tentacles to constrict eight enemies at once.
Your skin changes colour to match your surroundings (Stealth+).
Your rubbery body absorbs attacks. (AC +1, EV +1)


Message History

It is said that the Orb of Zot exists deep within this dungeon.
Found a scroll labeled DETOS XAW.
Found a staircase leading out of the dungeon.
Unknown command.
d - a scroll labeled DETOS XAW Unknown command.
A rat comes into view.
A rat is nearby!
A rat is nearby!
Firing (i - inventory)
c - 20 sling bullets (quivered)
Aim: a rat (resting)
You shoot a sling bullet. The sling bullet hits the rat.
No target in view!
No target in view!
b - a +0 short sword (weapon)
The rat is too close now for your liking.
A rat is nearby!
A rat is nearby!
The rat barely misses you.
You hit the rat.
You kill the rat!
No target in view!
No target in view!
Found 11 gold pieces.
c - 20 sling bullets (gained 1)
Found a stone staircase leading down.
A hobgoblin comes into view.
You see here 11 gold pieces.
A hobgoblin is nearby!
A goblin comes into view. It is wielding a +0 club.
The hobgoblin shouts!
You hear an angry hiss.
The hobgoblin closely misses you.
You barely miss the hobgoblin. You grab the hobgoblin.
You constrict the hobgoblin, but do no damage.
The hobgoblin hits you.
You hit the hobgoblin.
You constrict the hobgoblin, but do no damage.
A leopard gecko comes into view.
The hobgoblin closely misses you.
You hit the hobgoblin.
You kill the hobgoblin!
The leopard gecko bites you.
You hit the goblin.
You kill the goblin!
The leopard gecko closely misses you.
You closely miss the leopard gecko. Your grab misses the leopard gecko.
You squeeze the leopard gecko. The leopard gecko bites you.
* * * LOW HITPOINT WARNING * * *
The leopard gecko bites you.
You die...

..#... #. #####...#
.... #...#..#
....####$..#..# #####
..............###...
.>.#.......#..##.#
##..............####
#...)..#####.......###
...#..@.## #######.#..
.###.l...# #...#
#...#.# ##..# #...#...
#######..#
######++###...##....
##≈≈.......8.....###
#≈≈..≈≈≈≈≈≈.######
#≈..≈≈...≈≈≈#
#≈.≈≈..≈..≈≈#


You could see a leopard gecko.

Vanquished Creatures
  A goblin (D:1)
  A hobgoblin (D:1)
  A rat (D:1)
3 creatures vanquished.

Notes
Turn   | Place    | Note
-------+----------+-------------------------------------------
     0 | D:1      | LostNumber the Octopode Hunter began the quest for the Orb.
     0 | D:1      | Reached XP level 1. HP: 14/14 MP: 1/1
    42 | D:1      | Slain by a leopard gecko

Levels and vault maps discovered:
D:1:      psy_arrival_whirlpool, layout_rooms, minivault_24

Action                   || total
-------------------------++-------
Melee: Short sword       ||     6
       Constrict         ||     1
       Tentacles         ||     1
 Fire: Hunting sling     ||     1
Dodge: Dodged            ||     4
